AoeStats
← 04boyka12

Arena

508083116Analyzed
4v4 RM · 11d ago on Sep 20, 2026· 24m 53s· 8 players
Game mode
Random Map
Map size
Large (8 player)
Population
200
Speed
Normal
Resources
Standard
Victory
Conquest
Starting age
Dark Age
Ending age
Imperial Age
RankedLock teamsTeams togetherTeam positionsShared explorationLock speedFull tech treeHidden civsTurbo modeCheats
Victory
Defeat
🇹🇭 Japanese · Thailand
921
+12
🇯🇵 Hindustanis · Japan
918
+12
🇹🇭 Goths · Thailand
913
+12
🇻🇳 Cumans · Vietnam
908
+13
🇪🇸 Burgundians · Spain
856
-13
🇩🇪 Koreans · Germany
835
-12
🇹🇷 Franks · Türkiye
826
-12
🇲🇽 Persians · Mexico
825
-12
DaviidWolf
4:16 Loom
11:58 Feudal Age
15:59 Castle Age
16:14 Horse Collar
16:21 Double-Bit Axe
17:10 Scale Barding Armor
18:21 Husbandry
SHiRoNix
11:35 Feudal Age
15:24 Castle Age
14:09 Double-Bit Axe
14:07 Horse Collar
16:52 Bow Saw
18:08 Loom
DENVER
0:30 Loom
12:26 Feudal Age
12:53 Double-Bit Axe
13:46 Wheelbarrow
19:23 Castle Age
18:05 Gold Mining
18:06 Stone Mining
04boyka12
4:58 Loom
11:17 Feudal Age
11:45 Town Watch
11:51 Double-Bit Axe
11:51 Horse Collar
13:39 Wheelbarrow
21:12 Castle Age
21:46 Heavy Plow
21:58 Bow Saw
22:08 Town Patrol
22:25 Hand Cart
23:42 Gold Mining
24:15 Stone Mining
Cody
10:16 Feudal Age
10:18 Loom
16:10 Castle Age
15:10 Double-Bit Axe
17:39 Wheelbarrow
21:24 Bow Saw
24:07 Horse Collar
25:29 Heavy Plow
jisai
1:31 Loom
10:04 Feudal Age
15:14 Castle Age
13:17 Double-Bit Axe
14:28 Horse Collar
21:29 Town Watch
23:46 Scale Barding Armor
23:54 Forging
24:55 Wheelbarrow
Zozimbo
0:47 Loom
10:37 Feudal Age
16:56 Castle Age
20:55 Horse Collar
23:07 Heavy Plow
yukinohana.htn
10:39 Feudal Age
11:08 Double-Bit Axe
11:05 Horse Collar
11:57 Gold Mining
15:50 Man-at-Arms
17:30 Scale Mail Armor
18:28 Forging
22:08 Wheelbarrow
24:53 Castle Age
22:50 Stone Mining
24:24 Gold Mining
Connection lost

Rejoining the realm…

Still unreachable

The connection could not be restored.

Session expired

The server has moved on; the page needs a fresh start.